 Dungeon Crawl Stone Soup version 0.25-a0-589-g1e14c549ee (webtiles) character file.

Game seed: 18036438269244535072, levelgen mode: deterministic

163 TwoHeadsTalk the Poker (level 5, -4/43 HPs)
             Began as a Merfolk Gladiator on Mar 10, 2020.
             Slain by an orc
             ... wielding a +0 war axe
              (8 damage)
             ... on level 3 of the Dungeon.
             The game lasted 00:06:34 (2285 turns).

TwoHeadsTalk the Poker (Merfolk Gladiator)          Turns: 2285, Time: 00:06:35

Health: -4/43      AC: 11    Str: 15    XL:     5   Next: 44%
Magic:  5/5        EV:  8    Int:  7    God:
Gold:   163        SH:  0    Dex: 16    Spells: 4/4 levels left

rFire    . . .     SeeInvis .   q - +0 halberd
rCold    + . .     Gourm    .   (shield currently unavailable)
rNeg     . . .     Faith    .   l - +2 chain mail {rC+}
rPois    .         Spirit   .   c - +0 helmet
rElec    .         Reflect  .   (no cloak)
rCorr    .         Harm     .   (no gloves)
MR       .....                  (no boots)
Stlth    ..........             (no amulet)
HPRegen  0.14/turn              (no ring)
MPRegen  0.09/turn              (no ring)

@: lethally poisoned (-4 -> -5)
A: change form in water, swift swim, stealthy swim
a: no special abilities


You were on level 3 of the Dungeon.
You were not hungry.

You visited 1 branch of the dungeon, and saw 3 of its levels.

You collected 163 gold pieces.

Inventory:

Hand Weapons
 q - a +0 halberd (weapon)
Missiles
 d - 3 throwing nets (quivered)
Armour
 c - a +0 helmet (worn)
 l - a +2 chain mail of cold resistance (worn)
Jewellery
 g - an uncursed ring of poison resistance {unknown}
Scrolls
 b - a scroll of teleportation {unknown}
 h - a scroll of identify {unknown}
 i - a scroll of enchant armour {unknown}
 m - a scroll of noise {unknown}
 o - a scroll of remove curse {unknown}
Potions
 e - 2 potions of flight {unknown}
 j - 3 potions of heal wounds
 k - 2 potions of brilliance {unknown}
 n - a potion of mutation {unknown}
 p - a potion of stabbing {unknown}
Comestibles
 a - 5 chunks of flesh
 f - 10 rations


   Skills:
 + Level 4.5 Fighting
 + Level 6.8 Polearms
 - Level 2.0 Throwing
 - Level 4.0 Dodging


You had 4 spell levels left.
You didn't know any spells.
Your spell library was empty.

Dungeon Overview and Level Annotations

Branches:
Dungeon (3/15)

Altars:
Elyvilon


Message History

You butcher the orc corpse.
You feel sick.
a - 6 chunks of flesh (gained 4)
Items here: ) [[ ÷ a +0 hand axe of venom; a +0 leather armour x2; an orc skeleton You feel sick.
There isn't anything to butcher here.
Okay, then.
You feel sick.
You start resting.
Eating one of 6 chunks of flesh.
You eat one of the 6 chunks of flesh.
This raw flesh tastes terrible.
You feel sick.
You start resting.
You feel sick.
You start resting.
You feel sick.
You start resting.
You feel sick.
You start resting.
You feel sick.
You start resting.
You feel sick. x13
An orc comes into view. It is wielding a +0 war axe.
An orc is nearby!
You feel sick. The orc hits you with a +0 war axe!
You die...

###### #..... #
#.....#################.#
+....)'.......).....(..(+
#..%.†#########)@o##.####...
#..... #...##.####... #.....
#######........ #.....
######.............. #o....
.........).......... #.....
#................#### ......
+...................#
#........####.#####.#
#........####'#####..


You could see an orc.

Vanquished Creatures
  An orc priest (D:3)
  A gnoll (D:2)
  7 adders (D:2)
  2 oozes
  A worm (D:2)
  A dart slug (D:2)
  A leopard gecko (D:1)
  2 orcs (D:3)
  2 giant cockroaches (D:2)
  5 goblins
  6 hobgoblins
  10 kobolds
  A quokka (D:2)
  A ball python (D:1)
  4 bats
  4 frilled lizards
  5 rats
54 creatures vanquished.

Notes
Turn   | Place    | Note
-------+----------+-------------------------------------------
     0 | D:1      | TwoHeadsTalk the Merfolk Gladiator began the quest for the
                  | Orb.
     0 | D:1      | Reached XP level 1. HP: 16/16 MP: 1/1
   207 | D:1      | Reached XP level 2. HP: 23/23 MP: 2/2
   335 | D:1      | Reached skill level 5 in Polearms
   842 | D:2      | Reached XP level 3. HP: 25/29 MP: 3/3
   870 | D:2      | Found a white marble altar of Elyvilon.
  1192 | D:2      | Reached XP level 4. HP: 32/35 MP: 4/4
  1224 | D:2      | Reached skill level 6 in Polearms
  2031 | D:2      | Reached XP level 5. HP: 42/42 MP: 5/5
  2285 | D:3      | Slain by an orc

Levels and vault maps discovered:
D:1:      minmay_arrival_nine_rooms, layout_rooms, item_on_display_a
D:2:      layout_loops_ring, elyvilon_altar_4, minmay_vboxes
D:3:      layout_basic, first_ration

Skill      XL: |  1  2  3  4 |
---------------+-------------+-----
Polearms       | 5 6 |  6.8
Fighting       | 3 4 |  4.5
Throwing       | |  2.0
Dodging        | |  4.0

Action                   |  1- 3 |  4- 6 || total
-------------------------+-------+-------++-------
Melee: Trident           |    99 |    29 ||   128
       Halberd           |       |    89 ||    89
  Use: Potion            |       |     1 ||     1
  Eat: Chunk             |     1 |     4 ||     5
Armor: Leather armour    |     6 |       ||     6
       Ring mail         |     9 |       ||     9
       Chain mail        |    18 |    78 ||    96
Dodge: Dodged            |    46 |    46 ||    92

Table legend:
 A = Non-vault XP
 B = Vault XP
 C = Vault XP percentage of total XP
 D = Non-vault monster count
 E = Vault monster count
 F = Vault count percentage of total count
                 A         B        C        D         E       F
            +---------+---------+-------+---------+---------+-------
      Total |     217 |      17 |   7.3 |      51 |       3 |   5.6
            +---------+---------+-------+---------+---------+-------
        D:1 |      27 |       0 |   0.0 |      17 |       0 |   0.0
        D:2 |     128 |      17 |  11.7 |      23 |       3 |  11.5
        D:3 |      62 |       0 |   0.0 |      11 |       0 |   0.0
            +---------+---------+-------+---------+---------+-------
